 Dungeon Crawl Stone Soup version 0.31-a0-108-gdf935468f2 (webtiles) character file.

Game seed: 8454752448078698211

417076 lessens the Slayer (level 23, -3/149 HPs)
             Began as a Vine Stalker Earth Elementalist on May 27, 2023.
             Was a High Priest of Okawaru.
             Slain by an iron troll (4 damage)
             ... on level 1 of the Depths on May 28, 2023.
             The game lasted 02:11:17 (47838 turns).

lessens the Slayer (VSEE)                          Turns: 47838, Time: 02:11:17

Health: -3/149     AC: 29    Str: 12    XL:     23   Next: 63%
Magic:  0/38       EV: 23    Int: 15    God:    Okawaru [*****.]
Gold:   2401       SH:  9    Dex: 30    Spells: 29/32 levels left

rFire   + + .        b - +12 rapier "Ustral" {freeze, MP+9 Dex+3}
rCold   + + .        x - +2 buckler {rF+}
rNeg    + + .        u - +5 scale mail of Sunlight {Drain rElec rN++ Dex+2}
rPois   .            t - +0 helmet
rElec   +            V - scarf of Noughts and Crosses {rC+ rF+, Slay+2}
rCorr   .            g - +2 pair of gloves
SInv    +            Z - +2 pair of boots {Stlth+}
Will    +++..        T - dreamdust necklace {Acrobat}
Stlth   ++++         O - +4 ring of protection
HPRegen 1.24/turn    i - ring of Ara Lumn {rElec rC+ Will+ SInv}
MPRegen 0.26/turn

%: acrobat, guardian spirit
@: studying 2 skills
A: fangs 3, regeneration 1, magic shield, antimagic bite, no potion heal 2, low
MP 1
}: 2/15 runes: barnacled, gossamer
a: Renounce Religion, Heroism, Finesse, Duel


You were on level 1 of the Depths.
You worshipped Okawaru.
Okawaru was extremely pleased with you.
You visited 8 branches of the dungeon, and saw 38 of its levels.
You also visited: Ossuary and Ice Cave.

You collected 5457 gold pieces.
You spent 3056 gold pieces at shops.

Inventory:

Hand Weapons
 b - the +12 rapier "Ustral" (weapon) {freeze, MP+9 Dex+3}
   (Okawaru gifted it to you on level 1 of the Lair of Beasts)

   Dex:       It affects your dexterity (+3).
   MP:        It affects your magic capacity (+9).
Missiles
 d - 246 stones
 L - 8 curare-tipped darts
Armour
 g - a +2 pair of gloves (worn)
 t - a +0 helmet (worn)
 u - the +5 scale mail of Sunlight (worn) {Drain rElec rN++ Dex+2}
   (You found it on level 4 of the Dungeon)

   Dex:       It affects your dexterity (+2).
   rElec:     It insulates you from electricity.
   rN:        It greatly protects you from negative energy.
   Drain:     It drains your maximum health when unequipped.
 x - a +2 buckler of fire resistance (worn)
 H - a +1 scale mail of poison resistance
 V - the scarf of Noughts and Crosses (worn) {rC+ rF+, Slay+2}
   (Okawaru gifted it to you on level 3 of the Lair of Beasts)

   Slay:      It affects your accuracy & damage with ranged weapons and melee
   (+2).
 Z - a +2 pair of boots of stealth (worn)
Jewellery
 f - the amulet of Ahiner {Reflect Harm Rampage rN+ rCorr SH+5}
   (You found it on level 1 of the Elven Halls)

   [amulet of reflection]

   It reflects blocked missile attacks.
   rN:        It protects you from negative energy.
   rCorr:     It protects you from acid and corrosion.
   SH:        It affects your SH (+5).
   Harm:      It increases damage dealt and taken.
   Rampage:   It bestows one free step when moving towards enemies.
 i - the ring of Ara Lumn (right hand) {rElec rC+ Will+ SInv}
   (You found it on level 1 of the Spider Nest)

   [ring of willpower]

   rC:        It protects you from cold.
   rElec:     It insulates you from electricity.
   SInv:      It lets you see invisible.
   Will:      It increases your willpower.
 o - a ring of flight
 E - the amulet of Lieffill {RegenMP Will+ Dex+5}
   (You found it on level 3 of the Elven Halls)

   [amulet of magic regeneration]

   It increases your rate of magic regeneration.
   Dex:       It affects your dexterity (+5).
   Will:      It increases your willpower.
 O - a +4 ring of protection (left hand)
 T - the dreamdust necklace (around neck) {Acrobat}
   (You took it off a deep elf annihilator on level 3 of the Elven Halls)

   [amulet of the acrobat]

   It increases your evasion while moving and waiting.
 U - a ring of protection from fire
 X - the ring "Qaytz" {Will+ Dex+5 Stlth+}
   (You took it off a deep elf demonologist on level 3 of the Elven Halls)

   [ring of willpower]

   Dex:       It affects your dexterity (+5).
   Will:      It increases your willpower.
   Stlth:     It makes you more stealthy.
Wands
 c - a wand of iceblast (31)
 j - a wand of mindburst (22)
 D - a wand of flame (89) (quivered)
 I - a wand of polymorph (26)
 K - a wand of quicksilver (12)
 W - a wand of digging (8)
Scrolls
 h - 8 scrolls of fear
 q - 7 scrolls of enchant armour
 r - 5 scrolls of fog
 s - 8 scrolls of magic mapping
 v - 11 scrolls of teleportation
 w - a scroll of torment
 y - 5 scrolls of vulnerability
 B - 4 scrolls of silence
 J - 2 scrolls of blinking
 M - 4 scrolls of enchant weapon
 N - 2 scrolls of poison
Potions
 a - 4 potions of attraction
 e - 13 potions of ambrosia
 k - 5 potions of brilliance
 l - 7 potions of magic
 m - 2 potions of resistance
 n - 4 potions of might
 p - 5 potions of lignification
 z - 22 potions of curing
 A - 6 potions of cancellation
 C - 3 potions of enlightenment
 F - 2 potions of invisibility
 G - 8 potions of mutation
 Q - 3 potions of haste
 S - 3 potions of berserk rage
Miscellaneous
 P - a tin of tremorstones (2/2)
 R - a phial of floods
 Y - a lightning rod (4/4)


   Skills:
 - Level 25.3 Fighting
 - Level 12.2 Short Blades
 - Level 17.4 Armour
 - Level 17.3 Dodging
 - Level 6.0 Stealth
 - Level 5.0 Shields
 + Level 5.0 Spellcasting
 + Level 4.3 Translocations
 - Level 1.0 Transmutations
 - Level 3.0 Earth Magic
 - Level 11.0 Invocations
 - Level 8.0 Evocations


You had 29 spell levels left.
You knew the following spells:

 Your Spells              Type           Power      Damage    Failure   Level
a - Sandblast             Erth           24%        2d8       19%         1
B - Blink                 Tloc           32%        N/A       16%         2

Your spell library contained the following spells:

 Spells                   Type           Power      Damage    Failure   Level
 Apportation              Tloc           32%        N/A       11%         1
 Teleport Other           Tloc           16%        N/A       32%         3
 Beastly Appendage        Tmut           12%        N/A       38%         1
 Passwall                 Tmut/Erth      7%         N/A       38%         2
 Sting                    Tmut/Pois      20%        1d4       45%         1
 Foxfire                  Conj/Fire      12%        2x1d4     52%         1
 Kiss of Death            Conj/Necr      12%        2d6       52%         1
 Magic Dart               Conj           12%        1d3       52%         1
 Wereblood                Tmut           6%         N/A       52%         2
 Portal Projectile        Hex/Tloc       20%        N/A       61%         3
 Vhi's Electric Charge    Tloc/Air       20%        N/A       61%         3
 Volatile Blastmotes      Fire/Tloc      20%        2d11      61%         3
 Cigotuvi's Dreadful Rot  Necr/Pois/Air  6%         N/A       67%         2
 Ensorcelled Hibernation  Hex/Ice        6%         N/A       67%         2
 Poisonous Vapours        Pois/Air       6%         N/A       67%         2
 Searing Ray              Conj           6%         2d4       67%         2
 Sublimation of Blood     Necr           3%         N/A       67%         2
 Stone Arrow              Conj/Erth      16%        3d8       69%         3
 Passage of Golubria      Tloc           16%        N/A       71%         4
 Spider Form              Tmut/Pois      5%         N/A       83%         3
 Ignite Poison            Fire/Tmut/Pois 4%         N/A       85%         3
 Frozen Ramparts          Ice            6%         1d1       88%         3
 Hailstorm                Conj/Ice       3%         3d3       88%         3
 Inner Flame              Hex/Fire       3%         N/A       88%         3
 Mephitic Cloud           Conj/Pois/Air  3%         N/A       88%         3
 Ozocubu's Armour         Ice            3%         N/A       88%         3
 Swiftness                Air            3%         N/A       88%         3
 Iskenderun's Mystic Bla  Conj/Tloc      10%        2d4       95%         4
 Petrify                  Tmut/Erth      9%         N/A       95%         4
 Leda's Liquefaction      Hex/Erth       4%         N/A       97%         4
 Airstrike                Air            1%         2d(1-17)  99%         4
 Anguish                  Hex/Necr       1%         N/A       99%         4
 Cause Fear               Hex            1%         N/A       99%         4
 Flame Wave               Conj/Fire      3%         2d5       99%         4
 Ice Form                 Ice/Tmut       5%         N/A       99%         4
 Sticky Flame             Conj/Fire      3%         2d3       99%         4
 Lee's Rapid Deconstruct  Erth           6%         3d6*      99%         5
 Arcjolt                  Conj/Air       1%         1d11      100%        5
 Borgnjor's Vile Clutch   Necr/Erth      4%         N/A       100%        5
 Fireball                 Conj/Fire      1%         3d3       100%        5
 Freezing Cloud           Conj/Ice/Air   1%         6-21      100%        5
 Iskenderun's Battlesphe  Conj           3%         2d6       100%        5
 Metabolic Englaciation   Hex/Ice        1%         N/A       100%        5
 Silence                  Hex/Air        1%         N/A       100%        5
 Yara's Violent Unravell  Hex/Tmut       2%         3d3       100%        5
 Conjure Ball Lightning   Conj/Air       1%         3x3d6     100%        6
 Leda's Unmaking          Conj/Erth      4%         9d2       100%        6
 Plasma Beam              Fire/Air       1%         2x1d12    100%        6
 Statue Form              Tmut/Erth      6%         N/A       100%        6
 Dragon Form              Tmut           3%         N/A       100%        7
 Enfeeble                 Hex            1%         N/A       100%        7
 Ozocubu's Refrigeration  Ice            1%         4d7       100%        7
 Ignition                 Fire           1%         3d3       100%        8
 Necromutation            Tmut/Necr      2%         N/A       100%        8
 Death's Door             Necr           1%         N/A       100%        9
 Fire Storm               Conj/Fire      1%         8d1       100%        9
 Polar Vortex             Ice            1%         N/A       100%        9
 Call Imp                 Summ           Unusable   N/A       N/A         2
 Call Canine Familiar     Summ           Unusable   N/A       N/A         3
 Tukima's Dance           Hex            Unusable   N/A       N/A         3
 Animate Armour           Summ/Erth      Unusable   N/A       N/A         4
 Summon Ice Beast         Ice/Summ       Unusable   N/A       N/A         4
 Summon Lightning Spire   Summ/Air       Unusable   N/A       N/A         4
 Simulacrum               Ice/Necr       Unusable   N/A       N/A         6
 Haunt                    Necr/Summ      Unusable   N/A       N/A         7
 Spellforged Servitor     Conj/Summ      Unusable   N/A       N/A         7
 Dragon's Call            Summ           Unusable   N/A       N/A         9

Dungeon Overview and Level Annotations

Branches:
Dungeon (15/15) Zot: 25832  Temple (0/1) D:7            Lair (5/5) D:9 Zot: 23843
 Shoals (4/4) Lair:3 Zot: 18638  Spider (4/4) Lair:3 Zot: 18459   Slime (0/5) Lair:5
    Orc (2/2) D:12 Zot: 10625     Elf (3/3) Orc:2 Zot: 13908  Vaults (4/5) D:13 Zot: 17629
  Crypt (0/3) Vaults:2     Depths (1/4) D:15 Zot: 5170 Ossuary (visited)
  IceCv (visited)

Altars:
Dithmenos
Gozag
Makhleb
Nemelex Xobeh
Okawaru
Ru
Sif Muna
Trog
Vehumet
Wu Jian
Xom
Yredelemnul
Zin
The Shining One
Jiyva

Shops:
D:6 *   D:8 *   D:11 =   D:15 !   Orc:2 :(=*?(   Elf:1 :   Elf:2 [   Shoals:2 *

Portals:
Hell: Depths:1
Pandemonium: Depths:1

Annotations:
D:3 Grinder
D:13 2 transporters, Ideihu's ghost, journeyman DjFE
D:15 2 transporters, Loveship's ghost, journeyman MiBe
Shoals:1 1 runed translucent door
Vaults:3 3 runed translucent doors, Luiw's ghost, veteran HOBe
Depths:1 1 runed translucent door, 1 exclusion, lmSkywalker's ghost, adept DrTm


Innate Abilities, Weirdness & Mutations

You have razor-sharp teeth.
Your natural rate of healing is unusually fast.
When hurt, damage is shared between your health and your magic reserves.
Your bite disrupts and absorbs the magic of your enemies.
Potions cannot restore your health.
Your magical capacity is low. (-10% MP)


Message History

You are too injured to fight recklessly!
You puncture the iron troll! You bite the iron troll! You drain its power.
You feel invigorated.
The iron troll is severely wounded.
The iron troll closely misses you. The iron troll misses you.
The iron troll claws you!
You puncture the iron troll! You freeze the iron troll.
You bite the iron troll. You drain its power.
You feel invigorated.
The iron troll is almost dead.
You hit the iron troll.
You bite the iron troll, but do no damage.
The iron troll is almost dead.
The iron troll bites you!!!
* * * LOW HITPOINT WARNING * * *
The iron troll barely misses you. The iron troll closely misses you.
You hit the iron troll but do no damage.
You bite the iron troll, but do no damage.
The iron troll is almost dead.
The iron troll bites you.
* * * LOW HITPOINT WARNING * * *
The iron troll claws you!
* * * LOW HITPOINT WARNING * * *
The iron troll claws you!
* * * LOW HITPOINT WARNING * * *
You hit the iron troll but do no damage.
You bite the iron troll, but do no damage.
The iron troll is almost dead.
You hit the iron troll but do no damage.
You bite the iron troll! You drain its power.
You feel invigorated.
The iron troll is almost dead.
The iron troll bites you!!
Your necklace shatters, unleashing a wave of protective dreams!
You dream of life, and clouds.
The iron troll barely misses you. The iron troll claws you!!
You hit the iron troll but do no damage.
The iron troll is almost dead.
The iron troll bites you!!
* * * LOW HITPOINT WARNING * * *
The iron troll claws you!
You die...

#8.......8#........#
#._.._....#........#
#8.......8#........#
#.........#........#######
#........)#............†[.
#8_.._.._8#............†..
#.8.8.8.8.#..........>....
###########§..............
......T@§§..............
.....§§§§§...........[..
.....§§§§§..............
........................
.................
#################


You could see an iron troll (fast, strong).

Vanquished Creatures
  Sojobo (Vaults:2)
  Margery (Vaults:2)
  Nikola (Spider:4)
  A bone dragon (Vaults:1)
  Rupert (D:14)
  Jorgrun (Elf:1)
  Mlioglotl (Spider:2)
  2 deep elf blademasters (Elf:2)
  A deep elf master archer (Elf:3)
  4 krakens (Shoals:1)
  Agnes (Spider:4)
  Polyphemus (Shoals:3)
  5 sphinxes
  Frances (Spider:2)
  2 tengu reavers
  Donald (Spider:3)
  Ilsuiw (Shoals:2)
  A fire giant (Depths:1)
  2 azure jellies (Vaults:1)
  An iron dragon (Vaults:1)
  5 emperor scorpions
  Aizul (Shoals:1)
  5 deep elf elementalists (Elf:3)
  9 vault wardens
  8 deep elf sorcerers
  5 ghost moths (Spider:4)
  An orc warlord (Vaults:3)
  A reaper (IceCv)
  A caustic shrike skeleton (Vaults:1)
  12 ironbound preservers
  6 ironbound thunderhulks
  4 formless jellyfish
  4 stone giants
  2 very ugly things (D:15)
  8 deep elf demonologists
  3 broodmothers
  3 minotaurs (Shoals:4)
  10 deep elf annihilators
  The ghost of Yvvueqof the Covert, a journeyman FeEn of Dithmenos (Spider:1)
  12 dire elephants
  An eidolon (Vaults:2)
  7 spark wasps
  An ettin (Orc:1)
  3 deep elf death magi
  7 merfolk impalers
  6 crystal guardians (Elf:3)
  5 merfolk javelineers (Shoals:1)
  5 entropy weavers
  8 yaktaur captains
  7 deep elf high priests
  8 vault guards
  5 great orbs of eyes
  2 ice dragons (Depths:1)
  3 rakshasas
  A caustic shrike simulacrum (Vaults:1)
  3 ghost crabs (Vaults:1)
  8 centaur warriors
  6 hydras
  9 catoblepae
  7 ogre magi
  7 ironbound frosthearts
  2 merfolk avatars
  3 jorogumos
  7 merfolk aquamancers
  3 death knights
  6 radroaches
  10 satyrs (Shoals:4)
  20 two-headed ogres
  3 alligator snapping turtles
  34 dancing weapons
  7 death yaks
  6 tengu warriors
  A deep troll earth mage (Depths:1)
  4 vampire magi
  11 boulder beetles
  5 deep troll shamans (Depths:1)
  2 orc high priests (Elf:3)
  A shock serpent (Vaults:1)
  Urug (Lair:1)
  2 sun demons (Depths:1)
  4 spriggan berserkers (Depths:1)
  Sonja (Orc:2)
  4 hell knights (Vaults:2)
  18 deep elf knights
  3 iron trolls (Depths:1)
  9 pharaoh ants
  5 skysharks
  6 sun moths
  A skeletal warrior (D:14)
  A fire crab (shapeshifter) (D:13)
  A glowing orange brain (shapeshifter) (Depths:1)
  A storm dragon skeleton (Vaults:1)
  34 deep trolls
  10 sea snakes
  4 glowing orange brains
  A golden dragon skeleton (Vaults:1)
  2 shadow demons (Elf:3)
  A golden dragon zombie (Depths:1)
  6 orb spiders
  A harpy (shapeshifter) (Elf:1)
  23 harpies
  13 deep elf archers
  8 spectral wolf spiders (Spider:2)
  2 wolf spider zombies (Spider:2)
  17 wizards
  8 steelbarb worms
  31 deep elf pyromancers
  7 lindwurms
  29 deep elf zephyrmancers
  14 ironbound convokers
  2 necromancers
  6 orc knights
  A phantasmal warrior (Vaults:3)
  A shining eye (Spider:4)
  19 manticores
  2 orc sorcerers
  34 wolf spiders
  29 ugly things
  17 fauns
  2 worldbinders (Vaults:1)
  8 elephants
  2 black mambas (Lair:5)
  9 cyclopes
  14 merfolk sirens
  2 naga magi (Vaults:1)
  7 demonic crawlers
  16 vault sentinels
  4 water nymphs
  3 ice statues
  An elf skeleton (Vaults:1)
  3 rime drakes
  12 cane toads
  6 torpor snails
  A gargoyle (D:13)
  11 yaktaurs
  4 kobold demonologists
  A human zombie (Vaults:1)
  4 anaconda simulacra
  A tengu conjurer (D:14)
  4 efreet
  13 komodo dragons
  2 ice devils (Orc:1)
  A troll (shapeshifter) (Elf:2)
  3 meliai (D:15)
  10 trolls
  4 polar bears
  A raiju (Vaults:1)
  2 wind drakes
  18 hornets
  17 blink frogs
  60 merfolk
  5 wolf spider simulacra
  A tengu simulacrum (Vaults:1)
  31 tarantellas
  6 dream sheep (Lair:5)
  A dream sheep (shapeshifter) (D:15)
  Prince Ribbit (D:5)
  5 snapping turtles
  42 slime creatures
  26 culicivoras
  An ettin skeleton (Depths:1)
  2 spriggans (Depths:1)
  3 wraiths
  6 air elementals
  5 wyverns
  2 vampires
  44 jumping spiders
  A shadow (D:10)
  14 water elementals
  2 fire elementals
  40 yaks
  A dire elephant simulacrum (IceCv)
  13 basilisks
  2 death yak simulacra (IceCv)
  61 redbacks
  17 vampire mosquitoes
  5 wargs
  A steam dragon (Lair:3)
  A swamp worm (Spider:4)
  An acid dragon (D:13)
  9 water moccasins
  3 hydra simulacra
  20 orc warriors
  2 sky beasts (D:7)
  6 black bears
  2 black mamba simulacra (Vaults:1)
  7 centaurs
  A fire dragon simulacrum (Vaults:1)
  23 ogres
  5 boggarts
  12 wolves
  A phantom (D:5)
  5 kobold brigands
  13 bullfrogs
  2 cane toad simulacra (IceCv)
  2 gnoll sergeants
  A glowing shapeshifter simulacrum (Vaults:1)
  4 two-headed ogre simulacra (IceCv)
  6 scorpions
  A human skeleton (Vaults:1)
  12 earth elementals
  3 small abominations (Vaults:1)
  15 wights
  5 elephant simulacra
  4 killer bees (D:11)
  2 electric eels
  A howler monkey (D:10)
  12 orc priests
  3 centaur zombies (Ossuary)
  3 hounds
  6 jellies
  3 iguanas
  A gnoll bouda (D:5)
  A sleepcap (D:4)
  13 orc wizards
  4 lightning spires (Vaults:1)
  4 spriggan simulacra
  10 troll simulacra
  2 polar bear simulacra (IceCv)
  3 wolf simulacra (IceCv)
  2 ogre zombies (Ossuary)
  7 mummies (Ossuary)
  21 gnolls
  4 adders
  8 naga simulacra (IceCv)
  A shadow imp (D:6)
  5 white imps
  8 ufetubi
  4 adder zombies (Ossuary)
  3 worms
  3 dart slugs
  76 orcs
  9 ball pythons
  7 bats
  8 endoplasms
  4 giant cockroaches
  A gnoll zombie (Ossuary)
  10 goblins
  8 hobgoblins
  A jackal (D:4)
  27 kobolds
  4 quokkas
  3 frilled lizards
  2 goblin zombies (Ossuary)
  2 hobgoblin zombies (Ossuary)
  4 kobold zombies (Ossuary)
  7 quokka zombies (Ossuary)
  8 rats
  5 rat zombies (Ossuary)
  8 tentacles (Shoals:1)
1822 creatures vanquished.

Vanquished Creatures (others)
  A deep elf sorcerer (Elf:3)
  A deep elf annihilator (Elf:3)
  A merfolk impaler (Shoals:4)
  A wizard (Vaults:1)
  A deep elf zephyrmancer (Elf:2)
  A moth of wrath (Spider:4)
  A boggart (Vaults:1)
  An orc wizard (Orc:2)
  3 ball lightnings (Vaults:1)
  59 tentacles (Shoals:1)
70 creatures vanquished.

Grand Total: 1892 creatures vanquished

Notes
Turn   | Place    | Note
-------+----------+-------------------------------------------
     0 | D:1      | lessens the Vine Stalker Earth Elementalist began the quest
                  | for the Orb.
     0 | D:1      | Reached XP level 1. HP: 9/9 MP: 4/4
   124 | D:1      | Reached skill level 1 in Short Blades
   209 | D:1      | Found a faded altar of an unknown god.
   280 | D:1      | Reached XP level 2. HP: 13/13 MP: 4/6
   592 | D:1      | Reached XP level 3. HP: 16/16 MP: 5/7
   990 | D:2      | Gained mutation: Your natural rate of healing is unusually
                  | fast. [Vine Stalker growth]
   990 | D:2      | Reached XP level 4. HP: 6/21 MP: 2/8
  1957 | D:3      | Noticed Grinder
  2461 | D:4      | Reached XP level 5. HP: 19/24 MP: 7/9
  2540 | D:4      | Reached skill level 5 in Short Blades
  2540 | D:4      | Reached XP level 6. HP: 28/28 MP: 6/10
  2548 | D:4      | Found a shadowy altar of Dithmenos.
  2563 | D:4      | Identified the +5 scale mail of Sunlight {Drain rElec rN++
                  | Dex+2}
  2610 | D:4      | Found a sand-covered staircase.
  2625 | Ossuary  | Entered an ossuary
  3019 | Ossuary  | Reached XP level 7. HP: 32/32 MP: 11/11
  4055 | D:4      | Found a radiant altar of Vehumet.
  4511 | D:5      | Entered Level 5 of the Dungeon
  4768 | D:5      | Gained mutation: You have razor-sharp teeth. [Vine Stalker
                  | growth]
  4768 | D:5      | Reached XP level 8. HP: 34/36 MP: 9/12
  4827 | D:5      | Noticed Prince Ribbit
  4843 | D:5      | Killed Prince Ribbit
  5042 | D:5      | Found a sparkling altar of Nemelex Xobeh.
  5578 | D:6      | Found a basalt altar of Yredelemnul.
  5641 | D:6      | Reached skill level 10 in Short Blades
  5810 | D:6      | Reached skill level 1 in Fighting
  5810 | D:6      | Reached XP level 9. HP: 27/41 MP: 13/13
  5862 | D:6      | Found a glowing golden altar of the Shining One.
  6014 | D:6      | Found Jirphe Xunyon's Lightly-Used Armoury.
  6332 | D:6      | Found an iron altar of Okawaru.
  6356 | D:6      | Became a worshipper of Warmaster Okawaru
  6421 | D:7      | Reached skill level 2 in Fighting
  6686 | D:7      | Reached skill level 3 in Fighting
  6767 | D:7      | Reached * piety under Okawaru
  6790 | D:7      | Found a staircase to the Ecumenical Temple.
  6962 | D:7      | Found an opulent altar of Gozag.
  7007 | D:8      | Reached skill level 1 in Invocations
  7026 | D:8      | Found Wikobics's Neck Hole.
  7029 | D:8      | Bought a +0 cloak of willpower for 161 gold pieces
  7087 | D:8      | Noticed a hornet
  7126 | D:8      | Paralysed by a hornet for 2 turns
  7127 | D:8      | Killed a hornet
  7128 | D:8      | Reached XP level 10. HP: 27/49 MP: 9/14
  7146 | D:8      | Reached ** piety under Okawaru
  7953 | D:9      | Found a staircase to the Lair.
  7953 | D:9      | Noticed an elephant
  8001 | D:9      | Killed an elephant
  8001 | D:9      | Reached *** piety under Okawaru
  8144 | D:9      | Found an ornate altar of the Wu Jian Council.
  8813 | D:10     | Entered Level 10 of the Dungeon
  8873 | D:10     | Reached skill level 4 in Fighting
  8884 | D:10     | Noticed a two-headed ogre
  8900 | D:10     | Killed a two-headed ogre
  9688 | D:10     | Noticed a two-headed ogre
  9715 | D:10     | Reached **** piety under Okawaru
  9716 | D:10     | Reached skill level 5 in Fighting
  9716 | D:10     | Reached skill level 5 in Dodging
  9723 | D:10     | Reached XP level 11. HP: 55/55 MP: 15/15
  9733 | D:10     | Killed a two-headed ogre
 10083 | D:10     | Noticed a two-headed ogre
 10107 | D:10     | Killed a two-headed ogre
 10108 | D:10     | Reached skill level 6 in Fighting
 10187 | D:11     | Noticed an ogre mage
 10187 | D:11     | Noticed a two-headed ogre
 10187 | D:11     | Noticed a two-headed ogre
 10187 | D:11     | Noticed a two-headed ogre
 10198 | D:11     | Killed a two-headed ogre
 10199 | D:11     | Reached skill level 1 in Armour
 10211 | D:11     | Killed a two-headed ogre
 10211 | D:11     | Noticed a two-headed ogre
 10215 | D:11     | Noticed a two-headed ogre
 10236 | D:10     | Killed a two-headed ogre
 10236 | D:10     | Reached ***** piety under Okawaru
 10348 | D:11     | Noticed a two-headed ogre
 10364 | D:11     | Killed a two-headed ogre
 10808 | D:11     | Killed a two-headed ogre
 10809 | D:11     | Reached skill level 5 in Invocations
 10823 | D:11     | Killed an ogre mage
 10839 | D:11     | Killed a two-headed ogre
 10839 | D:11     | Received a gift from Okawaru
 10840 | D:11     | Reached skill level 7 in Fighting
 10840 | D:11     | Reached XP level 12. HP: 40/63 MP: 9/17
 10922 | D:11     | Noticed a two-headed ogre
 10958 | D:11     | Killed a two-headed ogre
 11397 | D:11     | Found Inuoh's Jewellery Shop.
 11590 | Lair:1   | Entered Level 1 of the Lair of Beasts
 11658 | Lair:1   | Reached skill level 5 in Armour
 11813 | Lair:1   | Reached skill level 8 in Fighting
 12083 | Lair:1   | Noticed Urug
 12110 | Lair:1   | Killed Urug
 12110 | Lair:1   | Identified the +12 rapier "Ustral" {freeze, MP+9 Dex+3}
                  | (Okawaru gifted it to you on level 1 of the Lair of Beasts)
 12110 | Lair:1   | Received a gift from Okawaru
 12889 | Lair:2   | Reached skill level 9 in Fighting
 13124 | Lair:2   | Reached XP level 13. HP: 60/70 MP: 19/19
 13184 | Lair:2   | Reached ****** piety under Okawaru
 13191 | Lair:2   | Received a gift from Okawaru
 13210 | Lair:2   | Identified the +9 broad axe of Goxam {heavy, Will+ MP+9}
 13458 | Lair:2   | Received a gift from Okawaru
 13626 | Lair:3   | Reached skill level 10 in Fighting
 13872 | Lair:3   | Found a hole to the Spider Nest.
 14109 | Lair:3   | Identified the scarf of Noughts and Crosses {rC+ rF+,
                  | Slay+2} (Okawaru gifted it to you on level 3 of the Lair of
                  | Beasts)
 14109 | Lair:3   | Received a gift from Okawaru
 14354 | Lair:3   | Reached skill level 11 in Fighting
 14387 | Lair:3   | Identified the orb of the Old and Reckless {light, Dex+2}
 14501 | Lair:3   | Found a staircase to the Shoals.
 15195 | Lair:4   | Reached XP level 14. HP: 79/79 MP: 22/22
 15414 | Lair:4   | Received a gift from Okawaru
 15415 | Lair:4   | Reached skill level 10 in Invocations
 15866 | Lair:4   | Reached skill level 12 in Fighting
 16061 | Lair:5   | Entered Level 5 of the Lair of Beasts
 16577 | Lair:5   | Found a viscous altar of Jiyva.
 16577 | Lair:5   | Found a staircase to the Slime Pits.
 16815 | Lair:5   | Identified the +1 rapier "Hydra's Death Toll" {spect, rElec
                  | rF+ Str+5} (Okawaru gifted it to you on level 5 of the Lair
                  | of Beasts)
 16815 | Lair:5   | Received a gift from Okawaru
 16849 | Lair:5   | Reached skill level 5 in Stealth
 16890 | Lair:5   | Reached skill level 13 in Fighting
 17109 | Lair:5   | Reached skill level 1 in Shields
 17692 | D:12     | Found a staircase to the Orcish Mines.
 18511 | Orc:1    | Entered Level 1 of the Orcish Mines
 18520 | Orc:1    | Found a frozen archway.
 18538 | IceCv    | Entered an ice cave
 18551 | IceCv    | Identified the +1 double sword of Firis {elec, rN++}
                  | (Okawaru gifted it to you in an ice cave)
 18551 | IceCv    | Received a gift from Okawaru
 18867 | IceCv    | Reached XP level 15. HP: 86/86 MP: 24/24
 19280 | Orc:2    | Entered Level 2 of the Orcish Mines
 19337 | Orc:2    | Found a staircase to the Elven Halls.
 19340 | Orc:2    | Noticed Sonja
 19347 | Orc:2    | Killed Sonja
 19452 | Orc:1    | Reached skill level 14 in Fighting
 19452 | Orc:1    | Reached skill level 5 in Shields
 19744 | Orc:2    | Found Cipum's Weapon Boutique.
 19792 | Orc:2    | Found Cuyhur's Self-Improvement Boutique.
 19812 | Orc:2    | Bought a manual of Fighting for 880 gold pieces
 20247 | Orc:2    | Reached skill level 15 in Fighting
 20262 | Orc:2    | Received a gift from Okawaru
 20264 | Orc:2    | Found Fayc's Weapon Shop.
 20278 | Orc:2    | Found Gucatepp's General Store.
 20279 | Orc:2    | Found Faull's Magic Scroll Shoppe.
 20306 | Orc:2    | Found Qoneiss's Jewellery Boutique.
 20332 | Orc:2    | Bought a scroll of acquirement for 884 gold pieces
 20332 | Orc:2    | Bought a scroll of identify for 34 gold pieces
 20332 | Orc:2    | Bought a scroll of identify for 34 gold pieces
 20332 | Orc:2    | Bought a scroll of identify for 34 gold pieces
 20335 | Orc:2    | Acquired a manual of Dodging
 20337 | Orc:2    | Acquired a manual of Dodging
 20570 | D:13     | Noticed Ideihu's ghost (journeyman DjFE)
 20573 | D:13     | Found a bloodstained altar of Trog.
 20585 | D:13     | Found a transporter.
 20592 | D:13     | Found a transporter.
 20754 | D:13     | Found a gate to the Vaults.
 21207 | D:13     | Reached skill level 16 in Fighting
 21560 | D:14     | Received a gift from Okawaru
 21592 | D:14     | Found a sacrificial altar of Ru.
 21699 | D:14     | Noticed Rupert
 21722 | D:14     | Killed Rupert
 21723 | D:14     | Reached XP level 16. HP: 96/97 MP: 25/25
 22065 | D:14     | Identified the +0 chain mail of Elitism {Harm rN++ Int-4
                  | Stlth-} (Okawaru gifted it to you on level 14 of the
                  | Dungeon)
 22065 | D:14     | Received a gift from Okawaru
 22179 | D:15     | Entered Level 15 of the Dungeon
 22271 | D:15     | Reached skill level 17 in Fighting
 22271 | D:15     | Reached skill level 10 in Dodging
 22407 | D:15     | Noticed a storm dragon
 22413 | D:15     | Found a transporter.
 22419 | D:15     | Noticed Loveship's ghost (journeyman MiBe)
 22533 | D:15     | Found Doakk's Distillery.
 22542 | D:15     | Bought a potion of resistance for 150 gold pieces
 22542 | D:15     | Bought a potion of haste for 150 gold pieces
 22542 | D:15     | Bought a potion of ambrosia for 120 gold pieces
 22793 | D:15     | Found a transporter.
 22860 | D:15     | Found a staircase to the Depths.
 23018 | Orc:2    | Bought a +1 scale mail of poison resistance for 234 gold
                  | pieces
 23224 | Spider:1 | Entered Level 1 of the Spider Nest
 23421 | Spider:1 | Reached skill level 18 in Fighting
 23670 | Spider:1 | Received a gift from Okawaru
 23777 | Spider:1 | Got the Encyclopedia of Electric Attendants
 23904 | Spider:1 | Found a runed translucent door.
 24020 | Spider:1 | Noticed Yvvueqof's ghost (journeyman FeEn)
 24065 | Spider:1 | Killed Yvvueqof's ghost
 24067 | Spider:1 | Identified the amulet "Eniwi" {Faith Str+3}
 24240 | Spider:1 | Identified the ring of Ara Lumn {rElec rC+ Will+ SInv}
 24604 | Spider:1 | Got the Omnibus of Chilblains and Wildfire
 24877 | Spider:2 | Reached XP level 17. HP: 92/105 MP: 26/26
 24978 | Spider:2 | Reached skill level 19 in Fighting
 25159 | Spider:2 | Identified the +0 steam dragon scales of Hide-and-Seek
                  | {Harm Int+4} (Okawaru gifted it to you on level 2 of the
                  | Spider Nest)
 25159 | Spider:2 | Received a gift from Okawaru
 25617 | Spider:2 | You fall into a shaft and drop 1 floor!
 25845 | Spider:2 | Noticed Frances
 25879 | Spider:2 | Killed Frances
 25880 | Spider:2 | Reached skill level 1 in Evocations
 26067 | Spider:2 | Noticed Mlioglotl
 26081 | Spider:2 | Killed Mlioglotl
 26439 | Spider:3 | Reached skill level 15 in Dodging
 26457 | Spider:3 | Identified the +5 chain mail of the Game Afoot {Will++}
                  | (Okawaru gifted it to you on level 3 of the Spider Nest)
 26457 | Spider:3 | Received a gift from Okawaru
 26993 | Spider:4 | Entered Level 4 of the Spider Nest
 27133 | Spider:4 | Reached skill level 5 in Evocations
 27564 | Spider:4 | Noticed Donald
 27584 | Spider:3 | Reached XP level 18. HP: 63/112 MP: 27/27
 27646 | Spider:3 | Killed Donald
 27743 | Spider:4 | Gained mutation: Your magical capacity is low. (-10% MP) [a
                  | shining eye]
 28021 | Spider:4 | Noticed Agnes
 28022 | Spider:4 | Noticed Nikola
 28034 | Spider:4 | Killed Agnes
 28052 | Spider:4 | Killed Nikola
 29062 | Spider:4 | Got a gossamer rune of Zot
 29245 | Shoals:1 | Entered Level 1 of the Shoals
 29286 | Shoals:1 | Identified the +0 tower shield "Puutorhe" {rElec rN++
                  | Dex-3} (Okawaru gifted it to you on level 1 of the Shoals)
 29286 | Shoals:1 | Received a gift from Okawaru
 29867 | Shoals:1 | Got the Excursus on Sculpting and the Icicle
 30385 | Shoals:1 | Reached skill level 10 in Armour
 30405 | Shoals:1 | Reached skill level 20 in Fighting
 30573 | Shoals:1 | Noticed Aizul
 30769 | Shoals:1 | Reached XP level 19. HP: 118/118 MP: 25/25
 30783 | Shoals:1 | Found a runed translucent door.
 30800 | Shoals:1 | Killed Aizul
 30907 | Shoals:1 | HP: 5/118 [kraken (10)]
 31092 | Shoals:1 | Identified the staff of death "Yhenan" {*Corrode rPois rN+
                  | Will++ Stlth+}
 31404 | Shoals:2 | Identified the +5 ring mail of Myurhumis {+Inv Int-5 Dex+8}
 31466 | Shoals:2 | Found Ygeab's General Store.
 31470 | Shoals:2 | Noticed Ilsuiw
 31500 | Shoals:2 | Killed Ilsuiw
 31598 | Shoals:2 | Bought a scroll of fear for 48 gold pieces
 31598 | Shoals:2 | Bought a potion of invisibility for 96 gold pieces
 32411 | Shoals:3 | Identified the +7 dagger of Xusyr {holy, *Noise Fly rElec}
                  | (Okawaru gifted it to you on level 3 of the Shoals)
 32411 | Shoals:3 | Received a gift from Okawaru
 32926 | Shoals:3 | Noticed Polyphemus
 32933 | Shoals:3 | Killed Polyphemus
 33196 | Shoals:4 | Entered Level 4 of the Shoals
 33615 | Shoals:4 | Received a gift from Okawaru
 33847 | Shoals:4 | Reached skill level 21 in Fighting
 34130 | Shoals:4 | HP: 5/120 [poisoned by a merfolk impaler]
 34135 | Shoals:4 | HP: 4/120 [poisoned by a merfolk impaler]
 34303 | Shoals:4 | HP: 6/120 [merfolk/+0 trident (9)]
 34569 | Shoals:4 | Identified the +0 pair of boots "Ycote" {rF+} (Okawaru
                  | gifted it to you on level 4 of the Shoals)
 34569 | Shoals:4 | Received a gift from Okawaru
 34634 | Shoals:4 | Reached XP level 20. HP: 52/126 MP: 26/26
 34664 | Shoals:4 | HP: 6/126 [satyr/arrow (17)]
 35064 | Shoals:4 | Got the Compendium of Discontinuous Alteration
 35094 | Shoals:4 | Got a barnacled rune of Zot
 35405 | Vaults:1 | Entered Level 1 of the Vaults
 35701 | Vaults:1 | Got the Grimoire of Ice
 36140 | Vaults:1 | Identified the +3 long sword "Impbane" {pain, rPois rC++
                  | Int+2}
 36141 | Vaults:1 | Got Gaitzit's Anthology of the Sky
 36657 | Vaults:1 | Got the Quarto of Cleavage
 36783 | Vaults:1 | Noticed a bone dragon
 36793 | Vaults:1 | Killed a bone dragon
 36845 | Vaults:1 | Received a gift from Okawaru
 36854 | Vaults:1 | Reached skill level 22 in Fighting
 36913 | Vaults:1 | Got the Tome of the Grave
 36917 | Vaults:1 | Learned a level 2 spell: Blink
 37465 | Vaults:2 | Found a staircase to the Crypt.
 37478 | Vaults:2 | Identified the +7 spear of Hubris {spect, rElec rF+ MP-9}
                  | (Okawaru gifted it to you on level 2 of the Vaults)
 37478 | Vaults:2 | Received a gift from Okawaru
 37748 | Vaults:2 | Noticed Sojobo
 37769 | Vaults:2 | Killed Sojobo
 38045 | Vaults:2 | Reached XP level 21. HP: 129/133 MP: 27/27
 38157 | Vaults:2 | Identified the +6 plate armour of Hangman {Rampage rPois
                  | rC+} (Okawaru gifted it to you on level 2 of the Vaults)
 38157 | Vaults:2 | Received a gift from Okawaru
 38749 | Vaults:2 | Noticed Margery
 38776 | Vaults:2 | Killed Margery
 38824 | Vaults:2 | You fall into a shaft and drop 1 floor!
 39014 | Vaults:3 | Found a runed translucent gate.
 39014 | Vaults:3 | Found a runed translucent gate.
 39014 | Vaults:3 | Found a runed translucent gate.
 39014 | Vaults:3 | Noticed Luiw's ghost (veteran HOBe)
 39766 | Vaults:3 | Reached skill level 15 in Armour
 40266 | Vaults:3 | Reached skill level 23 in Fighting
 41082 | Vaults:4 | Identified the +4 chain mail "Peti" {rF++ Str+2} (Okawaru
                  | gifted it to you on level 4 of the Vaults)
 41082 | Vaults:4 | Received a gift from Okawaru
 41636 | Vaults:4 | Reached XP level 22. HP: 140/140 MP: 28/28
 42351 | Elf:1    | Entered Level 1 of the Elven Halls
 42351 | Elf:1    | Found a runed translucent gate.
 42351 | Elf:1    | Found a runed translucent gate.
 42393 | Elf:1    | Paralysed by an air elemental for 1 turns
 42397 | Elf:1    | Noticed Jorgrun
 42410 | Elf:1    | Killed Jorgrun
 42521 | Elf:1    | Found a runed translucent gate.
 42533 | Elf:1    | Paralysed by an air elemental for 1 turns
 42540 | Elf:1    | Paralysed by an air elemental for 1 turns
 42829 | Elf:1    | Found Voenukli's Tiny Tomes.
 43094 | Elf:1    | Identified the amulet of Ahiner {Reflect Harm Rampage rN+
                  | rCorr SH+5}
 43555 | Elf:2    | Reached skill level 24 in Fighting
 43751 | Elf:2    | Identified the +11 hand crossbow of the Candle {elec, rCorr
                  | Stlth+} (Okawaru gifted it to you on level 2 of the Elven
                  | Halls)
 43751 | Elf:2    | Received a gift from Okawaru
 44010 | Elf:2    | Found Redovum's Armour Emporium.
 44015 | Elf:2    | Bought a +2 pair of gloves for 231 gold pieces
 44305 | Elf:2    | Found a runed translucent gate.
 44305 | Elf:2    | Found a runed translucent gate.
 44305 | Elf:2    | Found a runed translucent gate.
 44854 | Elf:3    | Entered Level 3 of the Elven Halls
 44909 | Elf:3    | Found a shimmering blue altar of Sif Muna.
 44993 | Elf:3    | Identified the amulet of Lieffill {RegenMP Will+ Dex+5}
 45304 | Elf:3    | Identified the ring "Vaus" {Fire Int+3}
 45440 | Elf:3    | Identified the ring "Qaytz" {Will+ Dex+5 Stlth+}
 45453 | Elf:3    | Identified the +5 rapier "Viopn" {flame, Fly rC- Int+4}
                  | (Okawaru gifted it to you on level 3 of the Elven Halls)
 45453 | Elf:3    | Received a gift from Okawaru
 45513 | Elf:3    | Identified the staff of air "Weonoisch" {rElec rPois Str+3}
 45513 | Elf:3    | Identified the +0 leather armour of Cheibriados {rF++ rN+
                  | Dex+2}
 45513 | Elf:3    | Identified the ring of Olathot {Ice Int+2 Dex+3 Stlth+}
 45545 | Elf:3    | Reached XP level 23. HP: 102/147 MP: 29/29
 46088 | Elf:3    | Reached skill level 25 in Fighting
 46249 | Elf:3    | Identified the ring of Zoipli {Dex+6 Stlth+}
 46420 | Elf:3    | Identified the staff of cold "Rourph" {Contam rElec rC+
                  | Will+ Int+5}
 46484 | Elf:3    | Got Owipeiru's Volume of the Inconstant Gargoyle
 46508 | Elf:3    | Got the Atlas of Dislocated Pyromancy
 46541 | Elf:3    | Got Kukusot's Handbook of Momentum and Anthracomancy
 46850 | Depths:1 | Entered Level 1 of the Depths
 46856 | Depths:1 | Received a gift from Okawaru
 46944 | Depths:1 | Reached skill level 1 in Translocations
 46970 | Depths:1 | Found a runed translucent door.
 46978 | Depths:1 | Noticed lmSkywalker's ghost (adept DrTm)
 47019 | Arena    | Entered the Arena
 47261 | Depths:1 | Found a one-way gate leading to the halls of Pandemonium.
 47562 | Depths:1 | Found a gateway to Hell.
 47779 | Depths:1 | Found a glowing golden altar of the Shining One.
 47785 | Depths:1 | Found a blossoming altar of Fedhas.
 47785 | Depths:1 | Found an ornate altar of the Wu Jian Council.
 47789 | Depths:1 | Found a shimmering altar of Xom.
 47789 | Depths:1 | Found a glowing silver altar of Zin.
 47789 | Depths:1 | Found a burning altar of Makhleb.
 47828 | Depths:1 | Reached skill level 5 in Spellcasting
 47838 | Depths:1 | HP: 1/149 [iron troll (1)]
 47838 | Depths:1 | Slain by an iron troll

Illustrated notes

Levels and vault maps discovered:
D:1:      dpeg_arrival_tiny_a, layout_basic, ebering_ecumenical_altar_hall,
          minmay_hexomino_u4
D:2:      layout_basic
D:3:      layout_loops_ring, uniq_grinder
D:4:      minmay_recursive_quarters, layout_layer_cave,
          nicolae_dithmenos_shadow_blocks, mainiacjoe_overflow_brackets,
          nicolae_ossuary_entry_plus
D:5:      layout_loops_ring, nemelex_spade_bored_becter,
          amcnicky_mini_pool_small, kennysheep_small_square, uniq_prince_ribbit1
D:6:      layout_basic, okawaru_altar_gauntlet_db, mainiacjoe_overflow_alcove_2,
          nicolae_overflow_crystal_walls, dk_noncrumbling_2,
          minmay_misc_feat_iff, minmay_shop_damaged
D:7:      layout_rooms, nicolae_gozag_cash_rules_everything_around_me,
          temple_hall
D:8:      layout_rooms, grunt_ministairs_7, nicolae_shop_sticking_my_neck_out
D:9:      layout_loops_ring, mainiacjoe_overflow_surrounded_room,
          david_lair_generic, hive_lemuel
D:10:     layout_layer_cave, corner_web_ring, hangedman_abyss_or_decor_clamps,
          evilmike_minifort
D:11:     layout_loops_corners, serial_shops, nicolae_shop_window_shopping
D:12:     layout_roguey, david_orc_2, special_room [special_room_orc],
          hangedman_cracks_in_the_wall
D:13:     layout_gridville, erik_vaults_1, gammafunk_ghost_wrathful_warriors,
          minmay_fractal_squares_gapless_5
D:14:     layout_big_octagon, small_statue_intersection, serial_bayou_pond_b,
          hangedman_ru_absence, uniq_rupert
D:15:     gammafunk_enter_depths_forms, layout_cave_pools,
          kennysheep_pointless_box, gammafunk_ghost_berserking_beasts,
          serial_shops, shop
Lair:1:   layout_chaotic_city, chequers_serial_rivers_small_3,
          serial_bayou_shore_a, serial_bayou_shore_b, uniq_urug
Lair:2:   layout_loops_ring
Lair:3:   layout_chaotic_city, elwin_shoals_entry_stream,
          spider_nest_entry_funnel_web, nzn_random_ring
Lair:4:   layout_layer_cave, lemuel_fruit_fields, grunt_megastairs_5
Lair:5:   evilmike_catoblepas_cave, layout_cellular_growth,
          minmay_slime_entry_pillars, st_stairs_5, patterned_corridor,
          grunt_megastairs_2
Shoals:1: nicolae_shoals_lighthouse, layout_shoals, uniq_aizul
Shoals:2: layout_shoals, serial_shops, shop, uniq_ilsuiw
Shoals:3: layout_shoals, uniq_polyphemus
Shoals:4: shoals_end_hellmonk_lost_city
Spider:1: spiders_nest_scorpion_pit, ebering_ghost_inner_flame,
          nicolae_spider_solar_radiation
Spider:2: nicolae_spider_hilbert_zone_7 [nicolae_spider_hilbert_4_sides_1_open,
          nicolae_spider_hilbert_4_sides_1_open,
          nicolae_spider_hilbert_4_sides_1_open,
          nicolae_spider_hilbert_4_sides_1_open,
          nicolae_spider_hilbert_3_sides_1_open,
          nicolae_spider_hilbert_3_sides_1_open,
          nicolae_spider_hilbert_3_sides_1_open,
          nicolae_spider_hilbert_3_sides_1_open,
          nicolae_spider_hilbert_4_sides_1_open,
          nicolae_spider_hilbert_4_sides_1_open,
          nicolae_spider_hilbert_4_sides_1_open,
          nicolae_spider_hilbert_2_sides_1_open,
          nicolae_spider_hilbert_2_sides_1_open,
          nicolae_spider_hilbert_2_sides_1_open,
          nicolae_spider_hilbert_2_sides_1_open,
          nicolae_spider_hilbert_2_sides_1_open,
          nicolae_spider_hilbert_2_sides_1_open],
          nicolae_spider_undead_wolf_pack, uniq_frances, uniq_mlioglotl
Spider:3: layout_cave_pods
Spider:4: spider_rune_water, uniq_nikola, uniq_agnes, uniq_donald
Orc:1:    layout_diamond_mine, portal_ice_cave_demonic_guard
Orc:2:    st_orc_open, layout_caves, serial_shops,
          nicolae_shop_bloodbath_and_beyond, nicolae_shop_self_help, uniq_sonja
Elf:1:    hangedman_staggered_hall, layout_loops_cross, hangedman_elf_disciples,
          dk_noncrumbling_3, nicolae_shop_i_like_small_books_too,
          nicolae_elf_hall_of_bonks, uniq_jorgrun
Elf:2:    elven_hall_of_blades_hangedman_original [mumra_blade_entry_dagger],
          layout_loops_cross, serial_shops, shop, nicolae_wwwww,
          serial_sigils_hangedman_stare, lemuel_flamethrower_3
Elf:3:    minmay_elf_hall_golems, layout_rooms, hangedman_summoners_spam
Vaults:1: vaults_room_stairs_pillars, nicolae_vaults_surprise_closet,
          nicolae_vaults_sightless_eye, nicolae_vaults_trapezoid_lopsided_4,
          nicolae_vaults_oval_intersection, v_alt_pattern_2,
          nicolae_vaults_wine_cellar, nicolae_vaults_mitosis,
          grunt_vaults_hallway_short, v_misc_13, grunt_vaults_funnel,
          vaults_dpeg_diagonal, vaults_room_pools, layout_vaults_ring,
          serial_hangedman_research, hangedman_research_geology,
          hangedman_research_thanatology, hangedman_research_convocations,
          hangedman_research_electronics, hangedman_research_thermodynamics
Vaults:2: nicolae_vaults_closet_pinwheel_6, nicolae_vaults_octothorpe,
          nicolae_vaults_spaceships, v_misc_12, ontoclasm_vaults_eye,
          nicolae_vaults_closet_pinwheel_2, layout_vaults_omnigrid,
          minmay_crypt_entry_simple_round, uniq_sojobo, uniq_margery
Vaults:3: ebering_ghost_rock_garden, v_misc_32, nicolae_vaults_house_1,
          nicolae_vaults_offset_grid_hallway_2, ontoclasm_vaults_bender,
          ontoclasm_vaults_twist, hangedman_vaults_variations,
          nicolae_vaults_two_Ls, nicolae_vaults_storage_closets_3,
          nicolae_vaults_trapezoid_lopsided_3, nicolae_vaults_network_star,
          nicolae_vaults_windows_and_doors_thing,
          nicolae_vaults_surprise_closet, ontoclasm_vaults_ring_square,
          layout_vaults_omnibox
Vaults:4: nicolae_vaults_heart-shaped_vault, vaults_room_hallway,
          vaults_mumra_hexcomb, ontoclasm_vaults_tryst, v_misc_33,
          nicolae_vaults_sesquioval_fish, nicolae_vaults_surprise_closet_hard,
          nicolae_vaults_diamond_2, hangedman_vaults_nails,
          nicolae_vaults_yaktaur_gun_rack, nicolae_vaults_double_plus_1,
          nicolae_vaults_variable_pillar_hall, nicolae_vaults_double_plus_2,
          nicolae_vaults_house_2, layout_vaults_chaotic_city
Depths:1: layout_forbidden_donut, rand_demon_pan_entry_1, doesnt_xom_only_xom,
          muffindrake_ghost_three_little_ghosts, hellmouth_1,
          brannock_guarded_unrand_thermic_engine

Skill      XL: |  1  2  3  4  5  6  7  8  9 10 11 12 13 14 15 16 17 18 19 20 21 22 23 |
---------------+----------------------------------------------------------------------+-----
Short Blades   | 1 2 3 4 5 6 8 10 11 12 | 12.2
Fighting       | 1 3 5 7 9 11 13 16 18 19 20 21 22 23 24 25 | 25.3
Invocations    | 3 4 5 7 9 11 | 11.0
Dodging        | 5 6 9 13 16 17 | 17.3
Armour         | 4 6 7 8 10 12 14 15 17 | 17.4
Stealth        | 6 |  6.0
Shields        | 3 5 |  5.0
Evocations     | 5 8 |  8.0
Translocations | 4 |  4.3
Spellcasting   | 5 |  5.0
Transmutations | |  1.0
Earth Magic    | |  3.0

Action                     |  1- 3 |  4- 6 |  7- 9 | 10-12 | 13-15 | 16-18 | 19-21 | 22-24 || total
---------------------------+-------+-------+-------+-------+-------+-------+-------+-------++-------
  Melee: Unarmed           |     3 |       |       |       |       |       |       |       ||     3
         Dagger            |    16 |    88 |   210 |   382 |       |       |       |       ||   696
         Bite              |     5 |    54 |   137 |   374 |   507 |   795 |  1074 |   547 ||  3493
         Punch             |       |     3 |     3 |    25 |     8 |       |       |       ||    39
         Rapier            |       |    98 |   168 |   446 |  1162 |  1624 |  1956 |   992 ||  6446
   Cast: Sandblast         |    39 |    18 |       |       |       |       |       |       ||    57
         Blink             |       |       |       |       |       |       |       |     1 ||     1
 Invoke: Heroism           |       |       |     1 |     6 |    12 |    24 |    19 |     9 ||    71
         Finesse           |       |       |       |       |       |     2 |       |     1 ||     3
         Duel              |       |       |       |       |       |       |       |     1 ||     1
  Evoke: Wand              |       |       |       |     1 |     1 |    25 |     1 |     1 ||    29
         Tin of tremorston |       |       |       |       |       |     4 |     1 |       ||     5
         Phial of floods   |       |       |       |       |       |     1 |     1 |       ||     2
    Use: Scroll            |       |       |     6 |     7 |    14 |     5 |    13 |     2 ||    47
         Potion            |       |       |       |     1 |       |     2 |       |     1 ||     4
   Stab: Distracted        |     1 |       |       |       |     5 |     8 |     2 |     3 ||    19
         Sleeping          |       |    16 |     7 |       |    19 |    21 |    22 |     7 ||    92
         Petrified         |       |       |       |       |     4 |       |       |       ||     4
         Petrifying        |       |       |       |       |     2 |       |     1 |       ||     3
 Armour: Robe              |    11 |    45 |    84 |       |       |       |       |       ||   140
         Scale mail        |       |       |     6 |   300 |   406 |   552 |   467 |   267 ||  1998
  Dodge: Dodged            |    43 |    76 |   169 |   272 |   633 |  1423 |  1342 |   668 ||  4626
  Block: Buckler           |       |       |       |       |   265 |   773 |   698 |   377 ||  2113

Table legend: (Time is in decaauts)
 A = Elapsed time spent in this place.
 B = Non-inter-level travel time spent in this place.
 C = Inter-level travel time spent in this place.
 D = Time resting spent in this place.
 E = Time spent auto-exploring this place.
 F = Levels seen in this place.
 G = Mean time per level.
                   A        B        C        D        E       F      G
               +--------+--------+--------+--------+--------+-----+--------+
         Total |  45130 |  42172 |   2958 |   2280 |  28470 |  41 | 1100.7 |
       Dungeon |  14204 |  13196 |   1008 |    100 |  10471 |  15 |  946.9 |
          Lair |   6156 |   5695 |    461 |    259 |   4332 |   5 | 1231.2 |
        Shoals |   5361 |   5195 |    166 |    838 |   2613 |   4 | 1340.2 |
   Spider Nest |   5540 |   5035 |    505 |    644 |   2797 |   4 | 1385.0 |
  Orcish Mines |   1374 |   1200 |    174 |      0 |    718 |   2 |  687.0 |
   Elven Halls |   4091 |   3868 |    223 |    300 |   2285 |   3 | 1363.7 |
        Vaults |   6370 |   6064 |    306 |     76 |   4452 |   4 | 1592.5 |
        Depths |    829 |    718 |    111 |      0 |    458 |   1 |  829.0 |
       Ossuary |    563 |    563 |      0 |      7 |    181 |   1 |  563.0 |
      Ice Cave |    616 |    616 |      0 |     34 |    161 |   1 |  616.0 |
         Arena |     22 |     22 |      0 |     20 |      0 |   1 |   22.0 |
               +--------+--------+--------+--------+--------+-----+--------+

Top non-repeatable levels by time:
Vaults:2: 1839 daAuts
Shoals:1: 1763 daAuts
Vaults:1: 1602 daAuts
Vaults:3: 1561 daAuts
Spider:1: 1557 daAuts
   Elf:3: 1557 daAuts
     D:4: 1556 daAuts
  Lair:3: 1469 daAuts
    D:10: 1441 daAuts
Shoals:4: 1440 daAuts
   Elf:2: 1393 daAuts
Spider:4: 1373 daAuts
  Lair:5: 1366 daAuts
Vaults:4: 1366 daAuts
Spider:2: 1307 daAuts

Levels and vault maps discovered:
D:1:      dpeg_arrival_tiny_a, layout_basic, ebering_ecumenical_altar_hall,
          minmay_hexomino_u4
D:2:      layout_basic
D:3:      layout_loops_ring, uniq_grinder
D:4:      minmay_recursive_quarters, layout_layer_cave,
          nicolae_dithmenos_shadow_blocks, mainiacjoe_overflow_brackets,
          nicolae_ossuary_entry_plus
D:5:      layout_loops_ring, nemelex_spade_bored_becter,
          amcnicky_mini_pool_small, kennysheep_small_square, uniq_prince_ribbit1
D:6:      layout_basic, okawaru_altar_gauntlet_db, mainiacjoe_overflow_alcove_2,
          nicolae_overflow_crystal_walls, dk_noncrumbling_2,
          minmay_misc_feat_iff, minmay_shop_damaged
D:7:      layout_rooms, nicolae_gozag_cash_rules_everything_around_me,
          temple_hall
D:8:      layout_rooms, grunt_ministairs_7, nicolae_shop_sticking_my_neck_out
D:9:      layout_loops_ring, mainiacjoe_overflow_surrounded_room,
          david_lair_generic, hive_lemuel
D:10:     layout_layer_cave, corner_web_ring, hangedman_abyss_or_decor_clamps,
          evilmike_minifort
D:11:     layout_loops_corners, serial_shops, nicolae_shop_window_shopping
D:12:     layout_roguey, david_orc_2, special_room [special_room_orc],
          hangedman_cracks_in_the_wall
D:13:     layout_gridville, erik_vaults_1, gammafunk_ghost_wrathful_warriors,
          minmay_fractal_squares_gapless_5
D:14:     layout_big_octagon, small_statue_intersection, serial_bayou_pond_b,
          hangedman_ru_absence, uniq_rupert
D:15:     gammafunk_enter_depths_forms, layout_cave_pools,
          kennysheep_pointless_box, gammafunk_ghost_berserking_beasts,
          serial_shops, shop
Lair:1:   layout_chaotic_city, chequers_serial_rivers_small_3,
          serial_bayou_shore_a, serial_bayou_shore_b, uniq_urug
Lair:2:   layout_loops_ring
Lair:3:   layout_chaotic_city, elwin_shoals_entry_stream,
          spider_nest_entry_funnel_web, nzn_random_ring
Lair:4:   layout_layer_cave, lemuel_fruit_fields, grunt_megastairs_5
Lair:5:   evilmike_catoblepas_cave, layout_cellular_growth,
          minmay_slime_entry_pillars, st_stairs_5, patterned_corridor,
          grunt_megastairs_2
Shoals:1: nicolae_shoals_lighthouse, layout_shoals, uniq_aizul
Shoals:2: layout_shoals, serial_shops, shop, uniq_ilsuiw
Shoals:3: layout_shoals, uniq_polyphemus
Shoals:4: shoals_end_hellmonk_lost_city
Spider:1: spiders_nest_scorpion_pit, ebering_ghost_inner_flame,
          nicolae_spider_solar_radiation
Spider:2: nicolae_spider_hilbert_zone_7 [nicolae_spider_hilbert_4_sides_1_open,
          nicolae_spider_hilbert_4_sides_1_open,
          nicolae_spider_hilbert_4_sides_1_open,
          nicolae_spider_hilbert_4_sides_1_open,
          nicolae_spider_hilbert_3_sides_1_open,
          nicolae_spider_hilbert_3_sides_1_open,
          nicolae_spider_hilbert_3_sides_1_open,
          nicolae_spider_hilbert_3_sides_1_open,
          nicolae_spider_hilbert_4_sides_1_open,
          nicolae_spider_hilbert_4_sides_1_open,
          nicolae_spider_hilbert_4_sides_1_open,
          nicolae_spider_hilbert_2_sides_1_open,
          nicolae_spider_hilbert_2_sides_1_open,
          nicolae_spider_hilbert_2_sides_1_open,
          nicolae_spider_hilbert_2_sides_1_open,
          nicolae_spider_hilbert_2_sides_1_open,
          nicolae_spider_hilbert_2_sides_1_open],
          nicolae_spider_undead_wolf_pack, uniq_frances, uniq_mlioglotl
Spider:3: layout_cave_pods
Spider:4: spider_rune_water, uniq_nikola, uniq_agnes, uniq_donald
Orc:1:    layout_diamond_mine, portal_ice_cave_demonic_guard
Orc:2:    st_orc_open, layout_caves, serial_shops,
          nicolae_shop_bloodbath_and_beyond, nicolae_shop_self_help, uniq_sonja
Elf:1:    hangedman_staggered_hall, layout_loops_cross, hangedman_elf_disciples,
          dk_noncrumbling_3, nicolae_shop_i_like_small_books_too,
          nicolae_elf_hall_of_bonks, uniq_jorgrun
Elf:2:    elven_hall_of_blades_hangedman_original [mumra_blade_entry_dagger],
          layout_loops_cross, serial_shops, shop, nicolae_wwwww,
          serial_sigils_hangedman_stare, lemuel_flamethrower_3
Elf:3:    minmay_elf_hall_golems, layout_rooms, hangedman_summoners_spam
Vaults:1: vaults_room_stairs_pillars, nicolae_vaults_surprise_closet,
          nicolae_vaults_sightless_eye, nicolae_vaults_trapezoid_lopsided_4,
          nicolae_vaults_oval_intersection, v_alt_pattern_2,
          nicolae_vaults_wine_cellar, nicolae_vaults_mitosis,
          grunt_vaults_hallway_short, v_misc_13, grunt_vaults_funnel,
          vaults_dpeg_diagonal, vaults_room_pools, layout_vaults_ring,
          serial_hangedman_research, hangedman_research_geology,
          hangedman_research_thanatology, hangedman_research_convocations,
          hangedman_research_electronics, hangedman_research_thermodynamics
Vaults:2: nicolae_vaults_closet_pinwheel_6, nicolae_vaults_octothorpe,
          nicolae_vaults_spaceships, v_misc_12, ontoclasm_vaults_eye,
          nicolae_vaults_closet_pinwheel_2, layout_vaults_omnigrid,
          minmay_crypt_entry_simple_round, uniq_sojobo, uniq_margery
Vaults:3: ebering_ghost_rock_garden, v_misc_32, nicolae_vaults_house_1,
          nicolae_vaults_offset_grid_hallway_2, ontoclasm_vaults_bender,
          ontoclasm_vaults_twist, hangedman_vaults_variations,
          nicolae_vaults_two_Ls, nicolae_vaults_storage_closets_3,
          nicolae_vaults_trapezoid_lopsided_3, nicolae_vaults_network_star,
          nicolae_vaults_windows_and_doors_thing,
          nicolae_vaults_surprise_closet, ontoclasm_vaults_ring_square,
          layout_vaults_omnibox
Vaults:4: nicolae_vaults_heart-shaped_vault, vaults_room_hallway,
          vaults_mumra_hexcomb, ontoclasm_vaults_tryst, v_misc_33,
          nicolae_vaults_sesquioval_fish, nicolae_vaults_surprise_closet_hard,
          nicolae_vaults_diamond_2, hangedman_vaults_nails,
          nicolae_vaults_yaktaur_gun_rack, nicolae_vaults_double_plus_1,
          nicolae_vaults_variable_pillar_hall, nicolae_vaults_double_plus_2,
          nicolae_vaults_house_2, layout_vaults_chaotic_city
Depths:1: layout_forbidden_donut, rand_demon_pan_entry_1, doesnt_xom_only_xom,
          muffindrake_ghost_three_little_ghosts, hellmouth_1,
          brannock_guarded_unrand_thermic_engine
